 Dungeon Crawl Stone Soup version 0.30-a0-956-gcec3b41aec (webtiles) character file.

Game seed: 11815430099639009235

5655 bande the Cleaver (level 10, -4/63 HPs)
             Began as a Gargoyle Fighter on Mar 30, 2023.
             Was a High Priest of Okawaru.
             Slain by a two-headed ogre
             ... wielding a +0 giant club
              (13 damage)
             ... on level 8 of the Dungeon.
             The game lasted 00:16:16 (8783 turns).

bande the Cleaver (Gargoyle Fighter)                Turns: 8783, Time: 00:16:16

Health: -4/63      AC: 25    Str: 20    XL:     10   Next: 74%
Magic:  0/14       EV:  6    Int:  9    God:    Okawaru [*****.]
Gold:   460        SH:  6    Dex: 19    Spells: 9/9 levels left

rFire   . . .      SeeInvis .    a - +1 war axe (freeze)
rCold   . . .      Faith    .    c - +0 buckler
rNeg    + . .      Spirit   +    B - +0 plate armour
rPois   ∞          Reflect  .    w - +2 hat
rElec   +          Rampage  .    g - +0 cloak
rCorr   .                        (no gloves)
Will    .....                    y - +0 pair of boots Stlth
                                 o - amulet of guardian spirit
HPRegen 0.30/turn                v - +6 ring of dexterity
MPRegen 0.14/turn                (no ring)

@: no status effects
A: sickness immunity, AC +7, negative energy resistance 1, electricity
resistance, torment resistance 1, petrification resistance
a: Renounce Religion, Heroism, Finesse, Duel


You were on level 8 of the Dungeon.
You worshipped Okawaru.
Okawaru was extremely pleased with you.
You visited 2 branches of the dungeon, and saw 10 of its levels.

You collected 460 gold pieces.

Inventory:

Hand Weapons
 a - a +1 war axe of freezing (weapon)
 f - a +1 heavy flail
 l - the +8 sling of Baceugub {flame, *Slow Str+5 Int+3}
   (You found it on level 4 of the Dungeon)

   Str:       It affects your strength (+5).
   Int:       It affects your intelligence (+3).
   *Slow:     It may slow you when you take damage.
 u - a +0 war axe
Missiles
 i - a throwing net (quivered)
Armour
 c - a +0 buckler (worn)
 g - a +0 cloak (worn)
 w - a +2 hat (worn)
 y - a +0 pair of boots (worn)
 B - a +0 plate armour (worn)
Jewellery
 j - a ring of wizardry
 o - an amulet of guardian spirit (around neck)
 v - a +6 ring of dexterity (left hand)
Wands
 q - a wand of polymorph (5)
 s - a wand of mindburst (7)
 C - a wand of flame (17)
Scrolls
 b - a scroll of fear
 m - 3 scrolls of teleportation
 n - 2 scrolls of identify
 r - 3 scrolls of enchant weapon
 x - a scroll of magic mapping
 D - a scroll of blinking
Potions
 e - 4 potions of curing
 h - a potion of cancellation
 k - 3 potions of mutation
 p - a potion of berserk rage
 t - a potion of flight
 z - a potion of magic
 A - a potion of brilliance
 E - 2 potions of invisibility {unknown}


   Skills:
 + Level 7.0 Fighting
 + Level 9.1 Axes
 + Level 7.6 Armour
 - Level 0.2 Stealth
 + Level 5.7 Shields
 * Level 6.5 Invocations
 * Level 4.6 Evocations


You had 9 spell levels left.
You didn't know any spells.
Your spell library contained the following spells:

 Spells                   Type           Power      Damage    Failure   Level
 Apportation              Tloc           0%         N/A       100%        1
 Necrotise                Necr           0%         1d4       100%        1
 Leda's Liquefaction      Hex/Erth       0%         N/A       100%        4
 Lee's Rapid Deconstruct  Erth           0%         3d4*      100%        5
 Summon Small Mammal      Summ           Unusable   N/A       N/A         1
 Call Canine Familiar     Summ           Unusable   N/A       N/A         3
 Summon Guardian Golem    Hex/Summ       Unusable   N/A       N/A         3
 Statue Form              Tmut/Erth      Unusable   N/A       N/A         6

Dungeon Overview and Level Annotations

Branches:
Dungeon (9/15)             Temple (1/1) D:4
   Lair: D:8-11         Orc: D:9-12

Altars:
Ashenzari
Cheibriados
Dithmenos
Elyvilon
Fedhas
Gozag
Hepliaklqana
Kikubaaqudgha
Makhleb
Nemelex Xobeh
Okawaru
Qazlal
Ru
Sif Muna
Trog
Uskayaw
Vehumet
Wu Jian
Xom
Yredelemnul
Zin
The Shining One

Annotations:
D:4 2 transporters


Innate Abilities, Weirdness & Mutations

You are immune to sickness and miasma.
Your stone body is resilient. (AC +7)
You are immune to poison.
You resist negative energy. (rN+)
You are resistant to electric shocks. (rElec)
You are resistant to unholy torment.
You are immune to petrification.


Message History

You completely miss the two-headed ogre.
The two-headed ogre is moderately wounded.
The two-headed ogre hits you but does no damage.
You block the two-headed ogre's attack.
You hit the two-headed ogre but do no damage.
The two-headed ogre is moderately wounded.
You hit the two-headed ogre. You freeze the two-headed ogre.
The two-headed ogre is moderately wounded.
The two-headed ogre hits you with a +0 giant club.
You block the two-headed ogre's attack.
You hit the two-headed ogre but do no damage.
The two-headed ogre is moderately wounded.
You block the two-headed ogre's attack.
The two-headed ogre hits you but does no damage.
You hit the two-headed ogre but do no damage.
The two-headed ogre is moderately wounded.
You hit the two-headed ogre. You freeze the two-headed ogre.
The two-headed ogre is heavily wounded.
The two-headed ogre hits you with a +0 giant club!
The two-headed ogre barely misses you.
You slash the two-headed ogre! You freeze the two-headed ogre.
The two-headed ogre is heavily wounded.
The two-headed ogre hits you but does no damage.
The two-headed ogre hits you with a +0 giant spiked club.
You hit the two-headed ogre. You freeze the two-headed ogre.
The two-headed ogre is severely wounded.
You hit the two-headed ogre. You freeze the two-headed ogre.
The two-headed ogre is severely wounded.
The two-headed ogre hits you with a +0 giant club!
The two-headed ogre hits you with a +0 giant spiked club.
You barely miss the two-headed ogre.
The two-headed ogre is severely wounded.
The two-headed ogre hits you with a +0 giant club.
The two-headed ogre hits you but does no damage.
You barely miss the two-headed ogre.
The two-headed ogre is severely wounded.
The two-headed ogre hits you with a +0 giant club!
* * * LOW HITPOINT WARNING * * *
The two-headed ogre hits you with a +0 giant spiked club!
You die...

###...#.....##'###......#######
#.....#.....#....[.####........
#.....'.....#.....## #########
#.....#.....#....##
#.....###.#.#....# #.....#
#.#.##.### ####### #.#.##.#
#...##.# ###...@### #...O..#
#......############
#.....[(..........#
#......##########.# #......#
#.# #......# #.# ######## #.#
#.#


You could see a two-headed ogre.

Vanquished Creatures
  A two-headed ogre (D:8)
  Psyche (D:8)
  A troll (D:7)
  A hornet (D:8)
  7 yaks (D:8)
  2 steam dragons
  Menkaure (D:5)
  An acid dragon (D:8)
  A water moccasin (D:6)
  2 orc warriors (D:8)
  A sky beast (D:8)
  3 ice beasts
  2 ogres
  2 black bears (D:6)
  2 centaurs
  2 phantoms
  2 bullfrogs
  3 kobold brigands
  2 scorpions
  4 jellies
  2 hounds (D:5)
  6 orc priests
  8 sleepcaps
  2 iguanas
  5 orc wizards
  7 gnolls
  5 adders
  A white imp (D:5)
  2 ufetubi (D:4)
  A worm (D:2)
  3 dart slugs
  25 orcs
  7 endoplasms
  3 giant cockroaches
  5 goblins
  8 hobgoblins
  4 jackals (D:2)
  16 kobolds
  2 quokkas
  7 ball pythons
  A bat (D:2)
  3 frilled lizards
  A giant cockroach zombie (D:2)
  16 rats
181 creatures vanquished.

Vanquished Creatures (others)
  A vampire (D:9)
  4 plants (D:7)
  2 withered plants (D:2)
7 creatures vanquished.

Grand Total: 188 creatures vanquished

Notes
Turn   | Place    | Note
-------+----------+-------------------------------------------
     0 | D:1      | bande the Gargoyle Fighter began the quest for the Orb.
     0 | D:1      | Reached XP level 1. HP: 14/14 MP: 1/1
    49 | D:1      | Reached XP level 2. HP: 15/19 MP: 2/2
    51 | D:1      | Reached skill level 2 in Axes
   529 | D:1      | Reached XP level 3. HP: 23/23 MP: 3/3
  1221 | D:2      | Reached XP level 4. HP: 29/29 MP: 4/4
  1501 | D:2      | Reached skill level 3 in Axes
  1587 | D:2      | Found a faded altar of an unknown god.
  2085 | D:3      | Noticed a phantom
  2097 | D:3      | Reached XP level 5. HP: 31/33 MP: 5/5
  2244 | D:3      | Killed a phantom
  2245 | D:3      | Reached skill level 4 in Axes
  2570 | D:3      | Found a hazy altar of Hepliaklqana.
  2571 | D:3      | Found a shadowy altar of Dithmenos.
  2573 | D:3      | Found a basalt altar of Yredelemnul.
  2573 | D:3      | Found a shimmering altar of Xom.
  2576 | D:3      | Found a radiant altar of Vehumet.
  2577 | D:3      | Found a blossoming altar of Fedhas.
  2643 | D:3      | Reached XP level 6. HP: 33/38 MP: 6/6
  2684 | D:3      | Found a bloodstained altar of Trog.
  2688 | D:3      | Found an ornate altar of the Wu Jian Council.
  2689 | D:3      | Found a white marble altar of Elyvilon.
  2694 | D:3      | Found a burning altar of Makhleb.
  2921 | D:4      | Found a staircase to the Ecumenical Temple.
  2926 | Temple   | Entered the Ecumenical Temple
  2969 | Temple   | Became a worshipper of Warmaster Okawaru
  3102 | D:4      | Found a transporter.
  3103 | D:4      | Identified the +8 sling of Baceugub {flame, *Slow Str+5
                  | Int+3}
  3241 | D:4      | Found a transporter.
  3442 | D:4      | Found an opulent altar of Gozag.
  3680 | D:5      | Entered Level 5 of the Dungeon
  3687 | D:4      | Reached skill level 1 in Invocations
  4069 | D:5      | Reached XP level 7. HP: 15/43 MP: 3/8
  4347 | D:5      | Noticed Menkaure
  4356 | D:5      | Reached skill level 5 in Axes
  4356 | D:5      | Reached skill level 5 in Armour
  4356 | D:5      | Killed Menkaure
  4631 | D:5      | Reached * piety under Okawaru
  4640 | D:5      | Reached XP level 8. HP: 48/48 MP: 8/10
  4694 | D:5      | Reached skill level 1 in Evocations
  4812 | D:5      | Reached skill level 5 in Fighting
  4812 | D:5      | Reached skill level 6 in Axes
  5578 | D:6      | Reached ** piety under Okawaru
  5579 | D:6      | Reached XP level 9. HP: 46/54 MP: 10/12
  5777 | D:6      | Reached skill level 7 in Axes
  6331 | D:7      | You fall into a shaft and drop 1 floor!
  6429 | D:7      | Noticed a troll
  6449 | D:7      | Killed a troll
  6449 | D:7      | Reached *** piety under Okawaru
  6450 | D:7      | Reached skill level 5 in Shields
  6450 | D:7      | Reached skill level 5 in Invocations
  6613 | D:7      | Found a snail-covered altar of Cheibriados.
  6859 | D:7      | Found the +18 Lear's hauberk
  7263 | D:8      | Reached skill level 8 in Axes
  7443 | D:8      | Reached XP level 10. HP: 58/60 MP: 12/14
  7447 | D:8      | Reached **** piety under Okawaru
  7447 | D:8      | Received a gift from Okawaru
  7744 | D:8      | Noticed a two-headed ogre
  7760 | D:8      | Killed a two-headed ogre
  7762 | D:8      | HP: 3/61 [yak (2)]
  8285 | D:8      | Noticed Psyche
  8340 | D:8      | Killed Psyche
  8341 | D:8      | Reached skill level 9 in Axes
  8584 | D:9      | Reached ***** piety under Okawaru
  8737 | D:9      | Noticed a two-headed ogre
  8783 | D:8      | Slain by a two-headed ogre

Illustrated notes

Levels and vault maps discovered:
D:1:      wander_arrival_chamber, layout_rooms, chequers_serial_rivers_small_a,
          chequers_serial_rivers_room_a
D:2:      layout_basic, serial_undead, serial_undead_c, serial_undead_f,
          serial_undead_b, serial_undead_b, ebering_ecumenical_altar_mist,
          minmay_rat_gold_closets
D:3:      layout_rooms, grunt_temple_overflow_open, minitemple
D:4:      gammafunk_wand_slinger, layout_loops_cross, general_overflow_altar,
          minmay_temple_entry_drinking_statues
D:5:      minmay_inner_zag, layout_gridville, hellmonk_no_cap, uniq_menkaure
D:6:      layout_rooms
D:7:      layout_basic, mainiacjoe_overflow_boulevard, grunt_ministairs_2,
          hellmonk_guarded_unrand_lears
D:8:      layout_basic, uniq_psyche
D:9:      layout_loops_corners, hellmonk_lair_entry_icy,
          amcnicky_mini_rare_corridor_liquid, kennysheep_nondescript
Temple:   jpeg_temple_alley_garden

Skill      XL: |  1  2  3  4  5  6  7  8  9 10 |
---------------+-------------------------------+-----
Axes           | 2 3 4 5 6 8 9 |  9.1
Armour         | 4 5 6 7 |  7.6
Fighting       | 4 5 6 7 |  7.0
Invocations    | 1 2 4 5 6 |  6.5
Shields        | 4 5 |  5.7
Evocations     | 2 3 4 |  4.6
Stealth        | |  0.2

Action                     |  1- 3 |  4- 6 |  7- 9 | 10-12 || total
---------------------------+-------+-------+-------+-------++-------
  Melee: War axe           |    74 |   197 |   276 |   120 ||   667
    Use: Scroll            |     4 |    11 |     6 |     1 ||    22
         Potion            |       |       |     2 |     3 ||     5
 Armour: Scale mail        |    34 |   110 |   200 |       ||   344
         Plate armour      |       |       |     2 |    96 ||    98
  Dodge: Dodged            |    31 |    98 |   125 |    47 ||   301
  Block: Buckler           |    14 |    46 |    75 |    39 ||   174

Table legend: (Time is in decaauts)
 A = Elapsed time spent in this place.
 B = Non-inter-level travel time spent in this place.
 C = Inter-level travel time spent in this place.
 D = Time resting spent in this place.
 E = Time spent auto-exploring this place.
 F = Levels seen in this place.
 G = Mean time per level.
                   A        B        C        D        E       F      G
               +--------+--------+--------+--------+--------+-----+--------+
         Total |   8958 |   8721 |    237 |   2945 |   3963 |  10 |  895.8 |
       Dungeon |   8872 |   8635 |    237 |   2945 |   3963 |   9 |  985.8 |
        Temple |     85 |     85 |      0 |      0 |      0 |   1 |   85.0 |
               +--------+--------+--------+--------+--------+-----+--------+

Top non-repeatable levels by time:
     D:8: 1692 daAuts
     D:1: 1217 daAuts
     D:5: 1107 daAuts
     D:4: 1064 daAuts
     D:2: 1051 daAuts
     D:6: 945 daAuts
     D:7: 825 daAuts
     D:3: 721 daAuts
     D:9: 247 daAuts
  Temple: 85 daAuts
